[Event "*** Titled Tuesday Blitz"]
[Site "Chess.com"]
[Date "2020.04.21"]
[Round "7"]
[White "mrsavic77"]
[Black "AnishGiri"]
[Result "1-0"]
[WhiteElo "2769"]
[BlackElo "3003"]
[TimeControl "180+1"]
[EndTime "11:22:19 PDT"]
[Termination "mrsavic77 won by resignation"]

1. e4 c5 2. c3 Nf6 3. e5 Nd5 4. Nf3 d6 5. d4 cxd4 6. Qxd4 e6 7.
exd6 Qxd6 8. Qe4 Be7 9. Na3 O-O 10. Bd3 Nf6 11. Qe2 Nbd7 12. O-O b6 13. Rd1 Qb8 14. Nc4 Bb7 15. Nfe5 Nxe5 16. Nxe5 Rd8 17. Bg5 h6 18. Bh4 Qc7 19. Bg3 Qc5 20. Bc2 Rxd1+ 21. Rxd1 Rd8 22.
Rxd8+ Bxd8 23. Qc4 Be7 24. Qxc5 Bxc5 25. Nd3 Be7 26.
f3 Kf8 27. Bf2 g5 28. Ne5 Bd6 29. Bd4 Ke7 30. Kf2 h5 31. Nc4 Bxh2 32. a4 h4 33. a5 b5 34. Bc5+ Kd7 35. Nd2 a6 36. Be3 Bf4 37. Bxf4 gxf4 38. c4 b4 39. Kg1 h3 40.
gxh3 Kd6 41. Kf2 Kc5 42. Bd3 Kd4 43. Be2 Ke5 44. Nb3 Nd7 45. Nc1 Kd6 46. Nd3 e5 47.
Nxb4 f5 48. h4 e4 49. h5 Ke5 50.
Nd5 Nf6 51. h6 e3+ 52. Ke1 Nh7 53. b4 Ng5 54. Kf1 Nh7 55. Kg2 Ng5 56. Nc7 Kd6 57.
Nxa6 Nxf3 58. Bxf3 1-0

[Event "*** Titled Tuesday Blitz"]
[Site "Chess.com"]
[Date "2020.04.21"]
[Round "7"]
[White "Vaathi_Coming"]
[Black "Pavlov_Sergey"]
[Result "1-0"]
[WhiteElo "2849"]
[BlackElo "2644"]
[TimeControl "180+1"]
[EndTime "11:22:19 PDT"]
[Termination "Vaathi_Coming won on time"]

1. c4 e6 2. Nc3 c5 3. Nf3 Nf6 4. e4 Nc6 5. g3 Qc7 6. Bg2 a6 7.
O-O Bd6 8. d4 cxd4 9. Nxd4 Nxd4 10. Qxd4 b6 11. Be3 Rb8 12. Rfd1 Bc5 13. Qd2 Ng4 14.
Bxc5 bxc5 15. f4 h5 16. h3 Nh6 17. b3 Bb7 18. Qf2 d6 19. Rd2 O-O 20. Rad1 Rfd8 21. e5 Bxg2 22. exd6 Qa5 23. Kxg2 Qxc3 24. Qxc5 Nf5 25.
Rd3 Qb4 26. Qe5 Rbc8 27. g4 hxg4 28. hxg4 Rc5 29. Qe4 Nh6 30. Rh1 Qb6 31. g5 Nf5 32. Rdh3 Nh6 33. gxh6 Qxd6 34. Rg3 Qd2+ 35. Kh3 Rh5+ 36.
Kg4 Rxh1 37. Qxh1 f5+ 38. Kh5 1-0

[Event "*** Titled Tuesday Blitz"]
[Site "Chess.com"]
[Date "2020.04.21"]
[Round "7"]
[White "chidori_boruto"]
[Black "LizaSolovyova"]
[Result "0-1"]
[WhiteElo "2618"]
[BlackElo "2501"]
[TimeControl "180+1"]
[EndTime "11:22:19 PDT"]
[Termination "LizaSolovyova won on time"]

1. d4 f5 2. Nf3 Nf6 3. Bf4 e6 4. e3 Be7 5. h3 O-O 6. Be2 d6 7. O-O Qe8 8. c4 b6 9. Nc3 Bb7 10. Rc1 Ne4 11. Nxe4 fxe4 12. Nd2 Nd7 13. Bh2 Qg6 14. b4 c5 15. dxc5 dxc5 16. Nb3 Rad8 17. Bc7 Ne5 18. Bxd8 Rxd8 19. Qc2 cxb4 20. Rcd1 Rd3 21.
f4 Rc3 22. Qd2 Nf3+ 23. Bxf3 exf3 24. Rf2 Bh4 25. Rdf1 h6 26. Rxf3 Bxf3 27. Rxf3 Rc2 28. f5 Rxd2 29. fxg6 Rxa2 30. Rf7 Bg5 31. Kh2 Bxe3 32.
Kg3 a5 33. Re7 Kf8 34. Rxe6 Bf2+ 35. Kf3 Bc5 36. Nc1 b3 37. Nd3 b2 38. Ne5 Ra3+ 39.
Kf4 Re3 40. Nd7+ Kg8 41. Rc6 Re8 0-1

[Event "*** Titled Tuesday Blitz"]
[Site "Chess.com"]
[Date "2020.04.21"]
[Round "7"]
[White "Algeriano22"]
[Black "Forantes"]
[Result "1-0"]
[WhiteElo "2619"]
[BlackElo "2435"]
[TimeControl "180+1"]
[EndTime "11:22:19 PDT"]
[Termination "Algeriano22 won on time"]

1. e4 c5 2. Nf3 Nc6 3. Bb5 a6 4.
Bxc6 dxc6 5. h3 Qc7 6. d3 e5 7.
O-O Bd6 8. Nbd2 Ne7 9. Nc4 O-O 10.
a4 a5 11. b3 f6 12. Nh4 Be6 13.
Nxd6 Qxd6 14. Be3 b5 15. f4 exf4 16. Bxf4 Qd4+ 17. Kh1 c4 18. Nf3 Qd7 19. d4 Ng6 20. Bg3 Rae8 21. axb5 cxb5 22. Rxa5 cxb3 23. cxb3 Bxh3 24.
gxh3 Qxh3+ 25. Bh2 Rxe4 26. Ra2 Nf4 27. Ng1 Qh4 28. Qf3 Rfe8 29. Qg3 Qxg3 30. Bxg3 Nh5 31. Bf2 g5 32. d5 Rd8 33. Rd2 g4 34. d6 g3 35. Bb6 Rh4+ 36. Nh3 Rxh3+ 37. Kg1 Rd7 38.
Bc7 Kf7 39. Rd5 g2 40. Kxg2 Rh4 41. Rxb5 Nf4+ 42. Kg3 Ng6 43. Rbf5 1-0

[Event "*** Titled Tuesday Blitz"]
[Site "Chess.com"]
[Date "2020.04.21"]
[Round "7"]
[White "quesfr"]
[Black "HashtagChess"]
[Result "1-0"]
[WhiteElo "2196"]
[BlackElo "1660"]
[TimeControl "180+1"]
[EndTime "11:22:20 PDT"]
[Termination "quesfr won on time"]

1. e4 c5 2. c3 d5 3. exd5 Qxd5 4. d4 cxd4 5. cxd4 e5 6. Nf3 e4 7. Nc3 Qa5 8. Ne5 Nc6 9. Bb5 Bb4 10. Bd2 Ne7 11. Bxc6+ Nxc6 12. Nxc6 bxc6 13. Nxe4 Ba6 14. a3 Bxd2+ 15. Qxd2 Qd5 16. f3 O-O 17. Kf2 Rad8 18. Rhd1 f5 19. Nc5 Bc8 20. Qf4 Rfe8 21. Rd2 Qc4 22.
Rad1 Rd5 23. h4 Red8 24. Kg3 g6 25. h5 Qb5 26. hxg6 hxg6 27. Qh6 R5d6 28. Rh1 Kf7 29. Qh7+ Kf6 30. Rh6 f4+ 31. Kh2 Bf5 32. Ne4+ Bxe4 33. fxe4 Qg5 34. e5+ Ke6 35. Rxg6+ 1-0

[Event "*** Titled Tuesday Blitz"]
[Site "Chess.com"]
[Date "2020.04.21"]
[Round "7"]
[White "Donseng"]
[Black "BvsN"]
[Result "1-0"]
[WhiteElo "2531"]
[BlackElo "2372"]
[TimeControl "180+1"]
[EndTime "11:22:21 PDT"]
[Termination "Donseng won by checkmate"]

1. e4 c5 2. Nf3 e6 3. d4 cxd4 4. Nxd4 Nf6 5. Nc3 Nc6 6. Ndb5 Bc5 7. Nd6+ Ke7 8. Bf4 e5 9. Nf5+ Kf8 10. Bg5 Bb4 11.
Qf3 h6 12. Bxf6 Qxf6 13. O-O-O Bxc3 14. Qxc3 d5 15. Rxd5 Bxf5 16. exf5 Qxf5 17. Bd3 Qg5+ 18. Kb1 g6 19. g3 Kg7 20. f4 Qf6 21. fxe5 Qf3 22.
e6+ Kg8 23. exf7+ Qxf7 24. Bc4 Kh7 25. Rf1 Qe7 26. Re1 Qc7 27. h4 h5 28. Qf6 Rae8 29. Red1 Re7 30. g4 Rf7 31. Qg5 Qe7 32. gxh5 Qxg5 33.
Rxg5 gxh5 34. Rxh5+ Kg7 35. Bxf7 Rf8 36. Bb3 Rf2 37. Rg1+ Kf6 38. Rh6+ Ke5 39. Rxc6 bxc6 40. Rh1 Kf6 41. h5 Kg7 42. h6+ Kh8 43. c3 c5 44.
h7 a5 45. Bc2 a4 46. Rg1 c4 47. Rg8# 1-0

[Event "*** Titled Tuesday Blitz"]
[Site "Chess.com"]
[Date "2020.04.21"]
[Round "7"]
[White "francyIM"]
[Black "LogoCzar"]
[Result "1-0"]
[WhiteElo "2686"]
[BlackElo "2450"]
[TimeControl "180+1"]
[EndTime "11:22:22 PDT"]
[Termination "francyIM won on time"]

1. c4 e5 2. Nc3 Bb4 3. Qc2 Nf6 4. Nf3 d6 5. e3 O-O 6. d3 c6 7.
Be2 Re8 8. O-O d5 9. cxd5 cxd5 10. a3 Bf8 11. d4 e4 12. Ne5 Nbd7 13. Nxd7 Bxd7 14.
Qb3 Bg4 15. Bxg4 Nxg4 16. Qxd5 Qh4 17. h3 Rad8 18. Qf5 Nh6 19. Qb5 Rd6 20. Ne2 Ree6 21.
Nf4 Rf6 22. g3 Rg6 23. Qh5 Qd8 24. Nxg6 fxg6 25. Qh4 Qxh4 26. gxh4 Nf5 27. f3 exf3 28. Rxf3 Nxh4 29. Rf1 Rd5 30. Bd2 Rg5+ 31. Kh1 Rg3 32. Rf2 Rxh3+ 33. Kg1 Bd6 34. Bb4 Nf3+ 35. Kg2 Rg3+ 36.
Kh1 Rh3+ 37. Kg2 Rg3+ 38. Kf1 Bxb4 39. Ke2 Ng1+ 40. Rxg1 Rxg1 41. axb4 h5 42. d5 Rg5 43. e4 Re5 44. Ke3 Re8 45. Kd4 Rf8 46. Rg2 Kf7 47. e5 h4 48. e6+ Ke7 49. Rxg6 Rf4+ 50. Ke5 Rxb4 51. Rxg7+ Kf8 52. Rh7 Rxb2 53. e7+ Ke8 54.
Ke6 Re2+ 55. Kd6 1-0

[Event "*** Titled Tuesday Blitz"]
[Site "Chess.com"]
[Date "2020.04.21"]
[Round "7"]
[White "SARGISMV"]
[Black "Karina_Ivanova"]
[Result "1-0"]
[WhiteElo "2430"]
[BlackElo "2233"]
[TimeControl "180+1"]
[EndTime "11:22:22 PDT"]
[Termination "SARGISMV won by resignation"]

1. Nf3 Nf6 2. c4 e6 3. Nc3 c5 4. g3 b6 5. Bg2 Bb7 6. O-O Be7 7.
Re1 O-O 8. e4 d6 9. d4 cxd4 10.
Nxd4 Qc8 11. Be3 Rd8 12. Rc1 Nbd7 13. f4 a6 14. g4 Qc7 15. g5 Ne8 16. Qg4 Nc5 17. b4 Nd3 18. f5 exf5 19. Nxf5 Nxe1 20. Nd5 Bxd5 21. cxd5 Qd7 22. Rxe1 b5 23. Bd4 Bf8 24.
Rf1 g6 25. Bh3 gxf5 26. exf5 Rac8 27. Qh5 Bg7 28. f6 Bf8 29. Bxd7 Rxd7 30. Qg4 Rdc7 31.
h4 Rc1 32. h5 Rxf1+ 33. Kxf1 Rc4 34. Ke2 Rxb4 35. a3 Rc4 36. Kd3 Nc7 37. Qf5 a5 38. g6 hxg6 39. hxg6 Na6 40. gxf7+ Kxf7 41. Qd7+ Kg6 42.
Qxb5 Rxd4+ 43. Kxd4 Nc5 44. Qe8+ Kxf6 45. Qxf8+ 1-0

[Event "*** Titled Tuesday Blitz"]
[Site "Chess.com"]
[Date "2020.04.21"]
[Round "7"]
[White "GMBenjaminBok"]
[Black "artooon"]
[Result "1-0"]
[WhiteElo "2881"]
[BlackElo "2668"]
[TimeControl "180+1"]
[EndTime "11:22:23 PDT"]
[Termination "GMBenjaminBok won by checkmate"]

1. c4 Nf6 2. g3 e6 3. Bg2 d5 4.
Nf3 d4 5. O-O c5 6. e3 Nc6 7.
exd4 cxd4 8. d3 Bd6 9. Na3 O-O 10. Nc2 e5 11. b4 a6 12. Rb1 Bf5 13. a4 Re8 14. Re1 Qc7 15. Bg5 Nd7 16. Nh4 Be6 17. Qe2 f6 18. Bd2 Nf8 19. c5 Be7 20. f4 Nd7 21.
Qh5 Nf8 22. Kh1 Qd7 23. Qe2 Bg4 24. Qf2 Be6 25. b5 axb5 26. axb5 Na5 27. fxe5 fxe5 28. c6 bxc6 29. Bxa5 Rxa5 30. bxc6 Qd6 31. Nf5 Bxf5 32.
Qxf5 Rc5 33. Na3 Bf6 34. Nc4 Qd8 35. Rb7 Ne6 36. Rd7 Qc8 37. Nd6 e4 38. Qxe4 Qa8 39.
Nxe8 Re5 40. Nxf6+ Kh8 41. Qxh7# 1-0

[Event "*** Titled Tuesday Blitz"]
[Site "Chess.com"]
[Date "2020.04.21"]
[Round "7"]
[White "AttilaTurzo"]
[Black "Juanovic"]
[Result "1-0"]
[WhiteElo "2464"]
[BlackElo "2158"]
[TimeControl "180+1"]
[EndTime "11:22:23 PDT"]
[Termination "AttilaTurzo won by resignation"]

1. e4 c5 2. Nf3 Nc6 3. d4 cxd4 4. Nxd4 g6 5. c4 Nf6 6. Nc3 Bg7 7. Nxc6 bxc6 8. e5 Ng8 9. f4 Nh6 10. Be2 O-O 11. O-O d6 12. exd6 exd6 13. Kh1 Nf5 14. g3 Nd4 15. Bd3 d5 16. cxd5 cxd5 17. Ne2 Bg4 18. Qd2 Bf3+ 19. Kg1 Nxe2+ 20. Bxe2 Qb6+ 21. Rf2 Bd4 22. Bxf3 Rad8 23. Kg2 Bxf2 24. Qxf2 Qxf2+ 25. Kxf2 Rfe8 26. Bd2 Re6 27. Re1 Ra6 28. a3 Rb6 29. Bc3 d4 30. Rd1 Rbd6 31. Bb4 R6d7 32. Bc6 Rc7 33. Ba5 Rxc6 34. Bxd8 Rc2+ 35. Kf3 Rxb2 36. Rxd4 Kg7 37. Be7 f6 38. Rd7 Rxh2 39. Rxa7 Kf7 40.
Bb4+ Ke6 41. Rc7 h5 42. Rc1 Ra2 43. Re1+ Kf5 44. Re8 g5 45. fxg5 fxg5 46. Rf8+ Kg6 47. Ra8 h4 48. gxh4 gxh4 49. Kg4 Kf7 50. Kxh4 Ke6 51. Rc8 Kd7 52. Rc3 Rg2 53. a4 Re2 54. Rc4 Ke6 55. a5 Kd5 56. Rf4 Kc6 57. Kg4 Kb5 58. Kf3 Ra2 59. Ke3 Ra4 60. Kd2 Ra2+ 61. Kc3 Ra1 62. Rf5+ Ka6 63. Rf6+ Ka7 64. Kc4 Rh1 65.
Kb5 Rh5+ 66. Bc5+ Kb7 67. a6+ Kb8 68. Rf8+ Kc7 69. a7 1-0

[Event "*** Titled Tuesday Blitz"]
[Site "Chess.com"]
[Date "2020.04.21"]
[Round "7"]
[White "wadsy27"]
[Black "SketchyMoves"]
[Result "1-0"]
[WhiteElo "2508"]
[BlackElo "2663"]
[TimeControl "180+1"]
[EndTime "11:22:24 PDT"]
[Termination "wadsy27 won by checkmate"]

1. c4 b6 2. Nc3 Bb7 3. e4 e6 4. g3 Bb4 5. Nge2 f5 6. Bg2 Nf6 7. d3 Na6 8. O-O fxe4 9. dxe4 O-O 10. a3 Bxc3 11. Nxc3 Nc5 12. Qc2 a5 13. Be3 d6 14.
b4 Ncd7 15. f3 Ne5 16. Qe2 Nc6 17. b5 Ne5 18. Bh3 Qe7 19. Bd4 Ned7 20. Rad1 Kh8 21. a4 Rae8 22. Be3 h6 23. Na2 Nh7 24. Nc1 Ng5 25. Bxg5 Qxg5 26. Nd3 Qh5 27. Bg4 Qf7 28. f4 g6 29. Bf3 e5 30. Bg2 Qe7 31. f5 gxf5 32.
exf5 Bxg2 33. Qxg2 Rg8 34. Rde1 Ref8 35. Nf4 Rxf5 36. Ng6+ Rxg6 37. Rxf5 Kg7 38. Ref1 Rf6 39. Qe4 Rxf5 40. Qxf5 Nf6 41. g4 Nh7 42. h4 e4 43. h5 Nf8 44. Rf4 e3 45. Re4 Qh4 46.
Rxe3 Nh7 47. Qg6+ Kh8 48. Re8+ Nf8 49. Rxf8# 1-0

[Event "*** Titled Tuesday Blitz"]
[Site "Chess.com"]
[Date "2020.04.21"]
[Round "7"]
[White "viditchess"]
[Black "VerdeNotte"]
[Result "1/2-1/2"]
[WhiteElo "2970"]
[BlackElo "2757"]
[TimeControl "180+1"]
[EndTime "11:22:25 PDT"]
[Termination "Game drawn by repetition"]

1. d4 Nf6 2. c4 g6 3. g3 Bg7 4. Bg2 O-O 5. Nc3 d6 6. Nf3 Nc6 7. O-O Rb8 8. b3 a6 9. d5 Na5 10. Bg5 b5 11. cxb5 axb5 12. b4 c5 13. bxc5 dxc5 14. Rc1 b4 15. Na4 c4 16. Bf4 Rb5 17.
Nd4 Rxd5 18. Bxd5 Nxd5 19. Nf3 Bh3 20. Re1 Nxf4 21. Qxd8 Nxe2+ 22. Rxe2 Rxd8 23. Rxe7 c3 24. Nc5 Bf8 25. Ra7 Nc6 26. Rc7 Bxc5 27. Rxc6 Bf8 28.
Ng5 Bf5 29. Rc7 Rd2 30. Nxf7 c2 31. Kg2 Rd1 32. g4 Be4+ 33. f3 Bd3 34. R1xc2 Bxc2 35. Ng5 Bb1 36. Nxh7 Bd6 37. Nf6+ Kf8 38. Rd7 Bxa2 39.
Nh7+ Ke8 40. Nf6+ Kf8 41. Nh7+ Kg8 42. Nf6+ Kf8 1/2-1/2

[Event "*** Titled Tuesday Blitz"]
[Site "Chess.com"]
[Date "2020.04.21"]
[Round "7"]
[White "evgenyermolaev"]
[Black "Keaton87"]
[Result "1-0"]
[WhiteElo "2511"]
[BlackElo "2666"]
[TimeControl "180+1"]
[EndTime "11:22:25 PDT"]
[Termination "evgenyermolaev won on time"]

1. e4 c5 2. Nf3 d6 3. d4 Nf6 4. Nc3 cxd4 5. Nxd4 g6 6. Be3 Bg7 7. f3 O-O 8. Qd2 Nc6 9. O-O-O d5 10. Nxc6 bxc6 11. Bh6 Be6 12. e5 Nd7 13. Bxg7 Kxg7 14. h3 Nxe5 15. h4 Rb8 16. h5 Rh8 17. Re1 Nd7 18. Qd4+ Nf6 19. g4 Qb6 20. Qe5 Qxb2+ 21. Kd2 d4 22. Ne4 Qb4+ 23. Kd1 g5 24. Qxg5+ Kf8 25.
Nxf6 exf6 26. Qxf6 Qb1+ 27. Kd2 Qb4+ 28. Kd1 Qb1+ 29. Kd2 Qb4+ 30. Ke2 Rg8 31. Kf2 Re8 32. Bd3 Qe7 33. Qh6+ Rg7 34. Bxh7 Qc5 35. Bd3 Qd6 36.
Qf6 Qd8 37. Qe5 Rg5 38. Qh8+ Ke7 39. Qh6 Qd5 40. Be4 Qc5 41. Bd3 Reg8 42. Re4 1-0

[Event "*** Titled Tuesday Blitz"]
[Site "Chess.com"]
[Date "2020.04.21"]
[Round "7"]
[White "MoreChessJulia"]
[Black "Olga_Zhuravleva"]
[Result "0-1"]
[WhiteElo "1770"]
[BlackElo "2206"]
[TimeControl "180+1"]
[EndTime "11:22:25 PDT"]
[Termination "Olga_Zhuravleva won on time"]

1. d4 Nf6 2. c4 e6 3. Nf3 b6 4. a3 Bb7 5. g3 Be7 6. Bg2 O-O 7. O-O c5 8. b3 d6 9. Bb2 Nbd7 10. h3 Rc8 11. g4 h6 12. Qd3 Qc7 13. Nbd2 Rfe8 14. e4 cxd4 15. Nxd4 Nc5 16. Qe3 a6 17. Rac1 Qb8 18. f4 Qa8 19. Rce1 Bf8 20. Rf2 d5 21. e5 Nfe4 22. Nxe4 dxe4 23. f5 Nd3 24. Ba1 Nxf2 25. Qxf2 Bxa3 26. Qh4 e3 27. f6 Bf8 28. Bxb7 Qxb7 29.
Rxe3 b5 30. g5 bxc4 31. fxg7 Bxg7 32. gxh6 Bh8 33. h7+ Kf8 34. Bb2 f5 35. Ba3+ Re7 36. Rg3 Qa7 0-1

[Event "*** Titled Tuesday Blitz"]
[Site "Chess.com"]
[Date "2020.04.21"]
[Round "7"]
[White "realmadridtv"]
[Black "LiamPutnam2008"]
[Result "0-1"]
[WhiteElo "2280"]
[BlackElo "2478"]
[TimeControl "180+1"]
[EndTime "11:22:26 PDT"]
[Termination "LiamPutnam2008 won by resignation"]

1. d4 Nf6 2. c4 e6 3. g3 d5 4. Bg2 Be7 5. Nf3 O-O 6. Bf4 dxc4 7. Nbd2 b5 8. a4 c6 9. O-O Bb7 10. b3 c3 11. Nb1 b4 12. Ne5 Nd5 13. Ra2 Nd7 14.
Nd3 a5 15. e4 Nxf4 16. Nxf4 Qb6 17. Re2 Ba6 18. Re3 Bxf1 19. Bxf1 Rad8 20. e5 Nb8 21.
Bd3 Rxd4 22. Qh5 Rxd3 23. Nxd3 Rd8 24. Qe2 Qd4 25. Kg2 Qd5+ 26. Rf3 Qxb3 27. Qf1 Qd5 28. Nf4 Qe4 29. Qe2 Qxe2 30. Nxe2 c2 31. Rb3 cxb1=Q 32. Rxb1 h6 33. Kf3 Na6 34. Ke3 Nc5 35.
Nd4 Rc8 36. f4 Nxa4 37. Nb3 Nc3 38. Ra1 a4 39. Na5 Bc5+ 40. Kd3 Rd8+ 41. Kc4 Bf8 42. Nxc6 Rc8 43. Kd4 Rxc6 44. h4 b3 45. Rxa4 Nxa4 0-1

[Event "*** Titled Tuesday Blitz"]
[Site "Chess.com"]
[Date "2020.04.21"]
[Round "7"]
[White "DucksParadise"]
[Black "Akhayan"]
[Result "1-0"]
[WhiteElo "2074"]
[BlackElo "2245"]
[TimeControl "180+1"]
[EndTime "11:22:26 PDT"]
[Termination "DucksParadise won by checkmate"]

1. d4 d5 2. Nc3 e6 3. e4 Nf6 4. e5 Nfd7 5. f4 c5 6. Nf3 Nc6 7. Be3 Qb6 8. Na4 Qa5+ 9. c3 cxd4 10. b4 Nxb4 11. cxb4 Bxb4+ 12. Bd2 Bxd2+ 13. Nxd2 b6 14. Bd3 Ba6 15. Nb2 Nc5 16. Bxa6 Qxa6 17. Nb3 Ne4 18.
Qxd4 O-O 19. Nd3 Nc5 20. Ndxc5 bxc5 21. Nxc5 Qa5+ 22. Kf2 Rfc8 23. Rhc1 Rab8 24. Kg1 Qa3 25. Rc3 Qb2 26. Rac1 Rb4 27. Nd3 Rxc3 28. Qxc3 Qxc3 29.
Rxc3 Rb1+ 30. Kf2 g5 31. Rc7 a5 32. Ra7 Rd1 33. Ke2 Rg1 34. g3 Rg2+ 35. Ke3 Rxa2 36. fxg5 Kg7 37. h4 a4 38. Nf4 Kf8 39. h5 Ra3+ 40. Kf2 Ra2+ 41. Kf3 Ra3+ 42. Kg4 Ra1 43. h6 a3 44. Nh5 d4 45. Nf6 d3 46. Ra8+ Ke7 47. Re8# 1-0

[Event "*** Titled Tuesday Blitz"]
[Site "Chess.com"]
[Date "2020.04.21"]
[Round "7"]
[White "Orest_Vovk"]
[Black "wannabe2700"]
[Result "0-1"]
[WhiteElo "2443"]
[BlackElo "2660"]
[TimeControl "180+1"]
[EndTime "11:22:27 PDT"]
[Termination "wannabe2700 won on time"]

1. h4 a5 2. h5 a4 3. h6 a3 4. bxa3 Nxh6 5. Bb2 e5 6. Bxe5 Nc6 7. Bb2 Nf5 8. e4 Qe7 9. d3 d5 10. Nc3 dxe4 11. dxe4 Nd6 12. Nd5 Qxe4+ 13. Be2 Kd8 14. Nf3 Bf5 15. Ne3 Bg6 16. Rh4 Qe8 17. c4 Kc8 18.
Rf4 f6 19. Kf1 Ne4 20. Nd5 Bd6 21. Rg4 h5 22. Rxg6 Qxg6 23. Bd3 Re8 24. Qc2 f5 25. Re1 Bc5 26. Nf4 Qf7 27. Bxe4 fxe4 28. Rxe4 b6 29.
Ng5 Qd7 30. Nfe6 Be7 31. g3 Bf6 32. Bxf6 gxf6 33. Re1 fxg5 34. c5 Rxe6 35. Rxe6 Qxe6 36. cxb6 cxb6 37. Kg1 Kb7 38. Qh7+ Qe7 39. Qd3 Rd8 40.
Qb3 Rd1+ 41. Kh2 Qe1 42. Qf7+ Ne7 43. Qf3+ Kc7 44. Qc3+ Qxc3 0-1

[Event "*** Titled Tuesday Blitz"]
[Site "Chess.com"]
[Date "2020.04.21"]
[Round "7"]
[White "RATNAKARAN"]
[Black "Gareth-Bale11"]
[Result "0-1"]
[WhiteElo "2578"]
[BlackElo "2753"]
[TimeControl "180+1"]
[EndTime "11:22:28 PDT"]
[Termination "Gareth-Bale11 won by checkmate"]

1. e4 c5 2. Nf3 Nc6 3. Bb5 e6 4. O-O Nge7 5. Re1 d5 6. exd5 Nxd5 7. Bxc6+ bxc6 8. d3 Be7 9. Nbd2 O-O 10. Ne4 a5 11. Bg5 f6 12. Be3 Qb6 13. Qc1 e5 14. Nfd2 f5 15.
Nc4 Qa7 16. Nc3 f4 17. Bd2 f3 18. Nxe5 Qc7 19. Nxf3 Bd6 20. Ne4 Rxf3 21. Nxd6 Qxd6 22. gxf3 Bh3 23. Kh1 Rf8 24. Qd1 Nf6 25. Rg1 Ng4 26. Rxg4 Bxg4 27. Kg2 Qd5 28. Kf1 Bxf3 29. Qe1 Bg2+ 30.
Kg1 Bf3 31. Qe3 h6 32. Re1 Rf6 33. Qe8+ Kh7 34. Re5 Qxa2 35. h4 Qb1+ 36. Re1 Qxc2 37. Bc3 Rg6+ 38. Qxg6+ Kxg6 39. Re3 Qd1+ 40. Be1 Bd5 41.
Kh2 Kh7 42. Bxa5 Qg4 43. Rg3 Qxh4+ 44. Rh3 Qxf2# 0-1

[Event "*** Titled Tuesday Blitz"]
[Site "Chess.com"]
[Date "2020.04.21"]
[Round "7"]
[White "Richarzard69"]
[Black "yamalchess"]
[Result "1-0"]
[WhiteElo "2291"]
[BlackElo "2530"]
[TimeControl "180+1"]
[EndTime "11:22:28 PDT"]
[Termination "Richarzard69 won on time"]

1. Nf3 Nf6 2. c4 c5 3. Nc3 g6 4. g3 Bg7 5. Bg2 O-O 6. d4 Nc6 7. O-O d6 8. dxc5 dxc5 9. Be3 Qa5 10. Nd5 Be6 11. Qb3 Bxd5 12. cxd5 Nb4 13. Rfd1 Rad8 14.
Ne5 Nd7 15. Nc4 Qc7 16. Bf4 Qc8 17. a3 Na6 18. d6 e5 19. Bg5 Rde8 20. Bxb7 Qb8 21.
Na5 c4 22. Qxc4 Nac5 23. Bd5 Qxb2 24. Be7 e4 25. Bxf8 Rxf8 26. Nc6 e3 27. fxe3 Bh6 28. Rf1 Bxe3+ 29. Kh1 Nb6 30. Bxf7+ Kg7 31. Qa2 Qb5 32. Ne7 Qd7 33. Rad1 Qb7+ 34. Bd5 Rxf1+ 35. Rxf1 Qd7 36. Rf7+ Kh6 37. Nf5+ 1-0

[Event "*** Titled Tuesday Blitz"]
[Site "Chess.com"]
[Date "2020.04.21"]
[Round "7"]
[White "bascheyaro"]
[Black "Alexander_Moskalenko"]
[Result "0-1"]
[WhiteElo "2713"]
[BlackElo "2898"]
[TimeControl "180+1"]
[EndTime "11:22:29 PDT"]
[Termination "Alexander_Moskalenko won by resignation"]

1. d4 Nf6 2. c4 e6 3. Nf3 d5 4. Nc3 Bb4 5. Bg5 h6 6. Bxf6 Qxf6 7. e3 O-O 8. Qc2 dxc4 9. Bxc4 c5 10. dxc5 Bxc5 11. O-O Qe7 12. Rad1 Nc6 13. a3 Bd7 14. Ba2 Rfd8 15. Bb1 g6 16. Ne4 Bb6 17. Qc3 e5 18. Ba2 Be6 19. Bxe6 Qxe6 20. b4 a6 21. a4 f6 22. b5 axb5 23. axb5 Ne7 24. Qc2 Kf7 25. h3 Rac8 26. Qb1 Kg7 27. Ng3 h5 28. Nh4 Kf7 29.
Kh2 Kg7 30. f4 Rxd1 31. Rxd1 f5 32. Rd3 e4 33. Qb2+ Kf7 34. Ra3 Qf6 35. Qa2+ Kg7 36. Nxg6 Kxg6 37. Ra8 h4 38. Rxc8 hxg3+ 39. Kxg3 Nxc8 40.
Qg8+ Kh6 41. Kf2 Ne7 42. Qe8 Ng6 43. g4 Nxf4 44. Kg3 Ne2+ 45. Kf2 fxg4+ 46. Kxe2 Qf3+ 0-1

[Event "*** Titled Tuesday Blitz"]
[Site "Chess.com"]
[Date "2020.04.21"]
[Round "7"]
[White "1977Ivan"]
[Black "TigrVShlyape"]
[Result "0-1"]
[WhiteElo "2693"]
[BlackElo "2864"]
[TimeControl "180+1"]
[EndTime "11:22:30 PDT"]
[Termination "TigrVShlyape won by resignation"]

1. e4 c5 2. Nc3 Nc6 3. g3 g6 4. Bg2 Bg7 5. d3 Rb8 6. f4 d6 7. Nf3 b5 8. a3 e6 9. e5 dxe5 10. fxe5 Nxe5 11. Bf4 Nxf3+ 12. Qxf3 Bb7 13. Ne4 Bxe4 14.
Qxe4 Rc8 15. Qb7 Qd7 16. O-O Ne7 17. Bg5 Nf5 18. c3 Nd6 19. Qxd7+ Kxd7 20. Be3 a5 21. Rad1 f5 22. Rfe1 e5 23. Bd5 Bf6 24. Kg2 h5 25. Bf2 h4 26. Re2 hxg3 27. hxg3 Rh7 28. b4 cxb4 29.
cxb4 a4 30. Bc5 Ne8 31. Rde1 Nc7 32. Bb7 Rb8 33. Bf3 Rbh8 34. Rxe5 Rh2+ 35. Kg1 Bxe5 36. Rxe5 R2h7 37. d4 Re8 38. Rxe8 Nxe8 39. Bb7 Nd6 40.
Bd5 Nc4 41. Bxc4 bxc4 42. d5 c3 43. Kf2 c2 44. Be3 Rh1 45. b5 c1=Q 46. Bxc1 Rxc1 47. b6 Rb1 0-1

[Event "*** Titled Tuesday Blitz"]
[Site "Chess.com"]
[Date "2020.04.21"]
[Round "7"]
[White "AleksanderHnydiuk"]
[Black "Shota_Azaladze"]
[Result "0-1"]
[WhiteElo "2573"]
[BlackElo "2748"]
[TimeControl "180+1"]
[EndTime "11:22:30 PDT"]
[Termination "Shota_Azaladze won by resignation"]

1. d4 g6 2. c4 Bg7 3. Nf3 f5 4. g3 Nf6 5. Bg2 O-O 6. O-O d6 7. Nc3 c6 8. d5 cxd5 9. cxd5 Nbd7 10. Nd4 Nc5 11. b4 Nce4 12. Nxe4 Nxe4 13. Bb2 Bd7 14. Qd3 Qb6 15. Rab1 Nf6 16. Ne6 Bxe6 17. dxe6 Ng4 18. Bxg7 Kxg7 19. Qc3+ Nf6 20. Rfc1 Rac8 21. Qxc8 Rxc8 22.
Rxc8 d5 23. Rbc1 Ng4 24. e3 Qxb4 25. h3 Ne5 26. Bxd5 Nd3 27. Rd1 Nb2 28. Rb1 Qd2 29. Bg2 Nd3 30. Rf1 Qxa2 31. Rc7 Kf6 32. Rxb7 g5 33. Rd7 Ne5 34. Rb7 g4 35. hxg4 fxg4 36.
Rd1 Qc2 37. Rd4 Nd3 38. Kh2 h5 39. Rb8 h4 40. Rf8+ Kxe6 41. Bd5+ Ke5 42. gxh4 Nxf2 43.
Kg3 Nd1 44. Bg2 Nc3 45. Rdf4 Ne2+ 46. Kxg4 Nxf4 47. exf4+ Kd6 48. Rd8+ Kc7 49. Ra8 Qxg2+ 50. Kf5 Qxa8 0-1

[Event "*** Titled Tuesday Blitz"]
[Site "Chess.com"]
[Date "2020.04.21"]
[Round "7"]
[White "lucasran"]
[Black "pedromartinez91"]
[Result "1-0"]
[WhiteElo "2618"]
[BlackElo "2434"]
[TimeControl "180+1"]
[EndTime "11:22:30 PDT"]
[Termination "lucasran won by resignation"]

1. Nf3 Nf6 2. c4 e6 3. g3 d5 4. Bg2 Be7 5. O-O O-O 6. b3 c5 7. cxd5 Nxd5 8. Bb2 Bf6 9. d4 Nc6 10. e4 Nc7 11. e5 Be7 12. Qe2 Nxd4 13. Nxd4 cxd4 14.
Rd1 Bc5 15. Nd2 d3 16. Qe1 Bd4 17. Nc4 Bxb2 18. Nxb2 Nd5 19. Rxd3 Bd7 20. Bxd5 exd5 21. Rxd5 Qe7 22. Nc4 Bc6 23. Rd4 Qc5 24. Rad1 Rfe8 25.
b4 Qb5 26. Nd6 Qa4 27. Nxe8 Rxe8 28. Rd8 Bf3 29. R1d7 Kf8 30. Qd2 Qc6 31. Qd6+ Qxd6 32. exd6 Bd5 33. Rxe8+ Kxe8 34. Re7+ Kd8 35. a3 h5 36. f4 g6 37. Kf2 a6 38. Ke3 b5 39.
Kd4 Be6 40. Kc5 h4 41. gxh4 f5 42. Rxe6 1-0

[Event "*** Titled Tuesday Blitz"]
[Site "Chess.com"]
[Date "2020.04.21"]
[Round "7"]
[White "claudyna16"]
[Black "Chichin_chao"]
[Result "1-0"]
[WhiteElo "2522"]
[BlackElo "2365"]
[TimeControl "180+1"]
[EndTime "11:22:30 PDT"]
[Termination "claudyna16 won by resignation"]

1. c4 Nf6 2. g3 d6 3. Bg2 Nbd7 4. Nc3 e5 5. e3 Be7 6. Nge2 O-O 7. d3 c6 8. O-O Ne8 9. h3 f5 10. b4 Nef6 11.
Rb1 Kh8 12. b5 c5 13. f4 g6 14. a4 Rb8 15. fxe5 dxe5 16. e4 Nb6 17. a5 Na8 18. Ra1 Nc7 19. Nd5 fxe4 20. dxe4 Ne6 21. a6 b6 22. Bb2 Nd4 23. Nxd4 cxd4 24. Nxe7 Qxe7 25. Ba3 Qd8 26. Bxf8 Qxf8 27. Qf3 Kg7 28. g4 h6 29. Qg3 Qe7 30. Rf2 Bd7 31. Rc1 Rf8 32. Qb3 Qc5 33. Kh2 Be6 34. Rff1 Ne8 35. Rxf8 Kxf8 36. Qg3 g5 37.
Qf2+ Kg7 38. Bf1 Nd6 39. Bd3 Nc8 40. Rf1 Qe7 41. Qg3 Bf7 42. Rf5 Nd6 43. Rxe5 Qf6 44. Kg2 Bxc4 45. Bxc4 Nxc4 46. Re8 Ne3+ 47. Kh2 Qf1 48.
Qc7+ Kf6 49. Rf8+ Ke6 50. Rxf1 1-0